 Dungeon Crawl Stone Soup version 0.19.5 (webtiles) character file.

184482 Peloso the Peltast (level 17, 0/176 HPs)
             Began as a Minotaur Fighter on May 18, 2017.
             Was the Champion of Okawaru.
             Blown up by an orb spider (41 damage)
             ... with an orb of destruction
             ... on level 1 of the Spider Nest.
             The game lasted 01:56:24 (34120 turns).

Peloso the Peltast (Minotaur Fighter)              Turns: 34120, Time: 01:56:25

Health: 0/176      AC: 23    Str: 26    XL:     17   Next: 39%
Magic:  17/17      EV: 16    Int:  7    God:    Okawaru [******]
Gold:   3017       SH: 11    Dex: 13    Spells: 0 memorised, 16 levels left

rFire  + . .     SeeInvis +     a - +8 demon blade of Mirerghan {slice, rC+ rN+}
rCold  + . .     Gourm    .     l - +0 swamp dragon scales
rNeg   + + .     Faith    +     u - +2 buckler {rN+}
rPois  +         Spirit   .     D - +2 hat
rElec  .         Reflect  .     i - +2 cloak
rCorr  .         Harm     .     Z - +2 pair of gloves
MR     ++...     Rnd*Rage +     X - +0 pair of boots of Ofau {rF+ MR+ Str-2 SInv}
Stlth  +.........               w - amulet of faith
                                n - ring of wizardry
                                P - +3 ring of strength

@: exhausted, slowed, very slow
A: retaliatory headbutt, horns 2, berserk 1, clever 1, robust 1
a: Heroism, Finesse, Renounce Religion
}: 1/15 runes: decaying


You were on level 1 of the Spider Nest.
You worshipped Okawaru.
Okawaru was exalted by your worship.
You were near starving.

You visited 5 branches of the dungeon, and saw 28 of its levels.

You collected 3442 gold pieces.
You spent 425 gold pieces at shops.

Inventory:

Hand Weapons
 a - the +8 demon blade of Mirerghan (weapon) {slice, rC+ rN+}
   (Okawaru gifted it to you on level 1 of the Swamp)

   It inflicts extra damage upon your enemies.
   It protects you from cold.
   It protects you from negative energy.
 m - a +3 scimitar of flaming
Armour
 i - a +2 cloak (worn)
 l - +0 swamp dragon scales (worn)
 u - a +2 buckler of positive energy (worn)
 D - a +2 hat (worn)
 R - the +5 plate armour of Rogeo {MR++ Dex+6}
   (Okawaru gifted it to you on level 13 of the Dungeon)

   It affects your dexterity (+6).
   It affects your resistance to hostile enchantments.
 X - the +0 pair of boots of Ofau (worn) {rF+ MR+ Str-2 SInv}
   (You found it on level 12 of the Dungeon)

   It affects your strength (-2).
   It protects you from fire.
   It affects your resistance to hostile enchantments.
   It lets you see invisible.
 Z - a +2 pair of gloves (worn)
Jewellery
 n - a ring of wizardry (right hand)
 p - an uncursed ring of see invisible
 w - an amulet of faith (around neck)
 z - an uncursed ring of resist corrosion
 I - an uncursed ring of protection from fire
 P - a +3 ring of strength (left hand)
 Y - an uncursed ring of protection from magic
Wands
 c - a wand of confusion (16/48)
 q - a wand of digging (17/24)
 G - a wand of teleportation (5/9)
 U - a wand of teleportation (3/9)
Scrolls
 g - 4 scrolls of magic mapping
 k - 11 scrolls of recharging
 s - 9 scrolls of teleportation
 t - 8 scrolls of remove curse
 x - a scroll of identify
 B - 3 scrolls of fear
 K - a scroll of silence
 V - a scroll of summoning
 W - 3 scrolls of blinking
Potions
 b - a potion of ambrosia
 d - a potion of might
 e - 5 potions of agility
 h - 5 potions of curing
 o - 3 potions of flight
 v - 6 potions of heal wounds
 A - a potion of invisibility
 E - 2 potions of haste
 N - 3 potions of resistance
Comestibles
 f - 13 bread rations
 j - 22 meat rations
 F - 6 beef jerkies
 L - a slice of pizza
 Q - 14 royal jellies


   Skills:
 + Level 16.6 Fighting
 + Level 18.2 Long Blades
 + Level 16.3 Armour
 + Level 8.3 Dodging
 + Level 2.6 Stealth
 + Level 19.7 Shields
 + Level 1.1 Invocations
 + Level 1.7 Evocations


You had 16 spell levels left.
You didn't know any spells.

Dungeon Overview and Level Annotations

Branches:
Dungeon (15/15)            Temple (0/1) D:6            Lair (6/6) D:11
  Swamp (4/4) Lair:3       Spider (1/4) Lair:4        Slime (0/5) Lair:5
    Orc (2/2) D:9             Elf (0/3) Orc:2        Vaults (0/5) D:14
 Depths (0/5) D:15

Altars:
Ashenzari
Cheibriados
Dithmenos
Gozag
Hepliaklqana
Kikubaaqudgha
Makhleb
Okawaru
Qazlal
Ru
Sif Muna
Trog
Vehumet
Xom
The Shining One
Beogh
Jiyva

Shops:
Orc:2 !(}?


Innate Abilities, Weirdness & Mutations

You reflexively headbutt those who attack you in melee.
You have a pair of horns on your head.
You tend to lose your temper in combat.
Your mind is acute. (Int +2)
You are robust. (+10% HP)


Message History

* * * LOW HITPOINT WARNING * * *
The wavering orb of destruction hits you!
* * * LOW HITPOINT WARNING * * *
The orb spider spins a strand of pure energy.
The orb spider weaves a glowing orb of energy.
An orb of destruction comes into view.
The orb of destruction hits a rock wall.
The rock wall explodes into countless fragments.
The orb spider begins to weave its threads into a brightly glowing ball.
The orb spider pulsates with a strange energy.
The orb spider weaves a glowing orb of energy.
The orb spider falls off the wall.
The rock wall explodes into countless fragments.
The orb spider spins a strand of pure energy.
The orb spider weaves a glowing orb of energy.
An orb of destruction comes into view.
The orb spider weaves a glowing orb of energy.
An orb of destruction comes into view.
The orb of destruction hits you!
You die...

#..#...####.....##
#......##.#)....#
#.....##....§..##
#...ss#.......##
#..[*.##...s###
#.>..§#.......###
##...§##......s^##
#....§####..†s...#
#....@.##.......##
##.....###.....s##
#.....##.#^......# #
#...#....#.#.....#####
#...#....####.......#.
#..##^...<######...>..
#..#.....[.# #......
####.......# #...##.#
##......### ########


You could see 2 orb spiders.

Vanquished Creatures
  the Lernaean hydra (Swamp:4)
  Nikola (Swamp:3)
  Frances (Spider:1)
  A thorn hunter (Swamp:1)
  Kirke (Swamp:2)
  An orc warlord (Orc:1)
  Louise (Spider:1)
  A ghoul (Swamp:1)
  Aizul (Swamp:3)
  A stone giant (Orc:2)
  The ghost of teko the Executioner, a journeyman MiFi of Okawaru (D:14)
  A fire dragon (D:14)
  17 hydras
  5 ghost crabs
  An ice dragon (Lair:6)
  The ghost of harcile the Thaumaturge, a journeyman HEAE of Vehumet (D:11)
  A catoblepas (D:14)
  A centaur warrior (D:14)
  6 alligators
  A queen ant (Lair:2)
  A vampire mage (D:15)
  Urug (Orc:1)
  3 ogre magi
  2 tengu warriors
  A deep elf knight (Orc:2)
  Nergalle (Orc:2)
  5 spriggans
  A spriggan druid (Swamp:4)
  2 unseen horrors (D:15)
  5 skeletal warriors
  A lindwurm (Lair:6)
  14 swamp dragons
  A shambling mangrove (Swamp:4)
  2 necromancers
  6 hill giants
  A stone giant zombie (D:15)
  5 orb spiders (Spider:1)
  2 wolf spiders (Spider:1)
  A wolf spider zombie (D:15)
  A manticore (D:11)
  12 orc sorcerers
  A fire giant zombie (D:15)
  2 deep elf magi
  14 ugly things
  A cyclops (D:13)
  A centaur zombie (D:12)
  4 elephants (Lair:6)
  Maurice (D:9)
  8 torpor snails
  7 black mambas
  22 spiny frogs
  6 centaur skeletons
  A gargoyle (D:10)
  2 rime drakes (Lair:2)
  A yaktaur zombie (D:15)
  An efreet (D:14)
  7 komodo dragons
  A guardian mummy (D:15)
  4 demonic crawlers (Spider:1)
  4 tengu conjurers
  8 polar bears (Lair:6)
  10 trolls
  10 jumping spiders (Spider:1)
  6 tyrant leeches
  8 hippogriffs
  8 two-headed ogres
  Grinder (D:6)
  16 hornets
  4 raiju (Lair:6)
  23 slime creatures
  2 wolf spider simulacra (D:15)
  13 dream sheep
  17 blink frogs
  24 bog bodies
  A deep troll zombie (D:15)
  Sigmund (D:4)
  3 water elementals
  A vampire (D:14)
  24 redbacks
  3 tarantellas
  2 shadows
  5 hogs
  3 wyverns
  A human (D:7)
  2 wraiths
  2 basilisks
  31 yaks
  A hungry ghost (D:9)
  17 vampire mosquitoes
  9 wargs
  20 swamp worms
  6 insubstantial wisps
  20 soldier ants (Lair:2)
  13 water moccasins
  Menkaure (D:4)
  Edmund (D:4)
  4 hell hounds (Lair:6)
  10 porcupines
  12 swamp drakes
  14 black bears
  4 ice beasts
  27 orc warriors
  3 sky beasts
  22 ogres
  2 phantoms
  5 necrophages
  20 wolves
  20 centaurs
  10 crocodiles
  Blork the orc (D:4)
  20 bullfrogs
  A wyvern skeleton (D:14)
  5 scorpions
  A water moccasin skeleton (D:8)
  14 killer bees
  7 wights
  6 howler monkeys
  4 electric eels
  8 crimson imps
  2 quasits
  18 orc priests
  24 hounds
  7 jellies
  3 bullfrog skeletons
  2 gnoll shamans (D:4)
  37 orc wizards
  Crazy Yiuf (D:3)
  Jessica (D:2)
  Terence (D:2)
  7 iguanas
  Natasha (D:2)
  24 worker ants
  2 hound skeletons
  A worker ant zombie (D:5)
  10 gnolls
  A howler monkey skeleton (D:5)
  11 adders
  4 shadow imps
  3 oozes
  An adder zombie (D:6)
  6 worms
  3 dart slugs (D:1)
  8 leopard geckos
  100 orcs
  6 bats
  8 giant cockroaches
  14 goblins
  9 hobgoblins
  14 jackals
  8 kobolds
  2 quokkas
  2 ball pythons
  5 frilled lizards
  A leopard gecko skeleton (D:7)
  8 rats
  A briar patch (Swamp:1)
  A butterfly (D:2)
  A fungus (Lair:1)
  4 plants
1100 creatures vanquished.

Vanquished Creatures (others)
  Asterion (Spider:1)
  2 jumping spiders (Spider:1)
  2 humans (Swamp:2)
  26 fungi
  44 plants
75 creatures vanquished.

Grand Total: 1175 creatures vanquished

Notes
Turn   | Place    | Note
-------+----------+-------------------------------------------
     0 | D:1      | Peloso the Minotaur Fighter began the quest for the Orb.
     0 | D:1      | Reached XP level 1. HP: 19/19 MP: 0/0
   138 | D:1      | Reached XP level 2. HP: 27/27 MP: 1/1
   157 | D:1      | Reached skill level 4 in Shields
   374 | D:1      | Reached XP level 3. HP: 33/33 MP: 2/2
   989 | D:2      | Noticed Jessica
   999 | D:2      | Killed Jessica
   999 | D:2      | Reached XP level 4. HP: 31/40 MP: 3/3
  1219 | D:2      | Noticed Terence
  1227 | D:2      | Killed Terence
  1342 | D:2      | Reached skill level 1 in Dodging
  1507 | D:2      | Noticed Natasha
  1515 | D:2      | Killed Natasha
  1515 | D:2      | Reached XP level 5. HP: 41/46 MP: 4/4
  1771 | D:2      | Found a shimmering altar of Xom.
  2076 | D:3      | Found a bloodstained altar of Trog.
  2257 | D:3      | Reached skill level 5 in Long Blades
  2514 | D:3      | Found an opulent altar of Gozag.
  2608 | D:3      | Found a runed door.
  2612 | D:3      | Noticed Crazy Yiuf
  2616 | D:3      | Killed Crazy Yiuf
  2616 | D:3      | Reached skill level 5 in Armour
  2616 | D:3      | Reached XP level 6. HP: 46/52 MP: 5/5
  2738 | D:4      | Noticed Blork the orc
  2746 | D:4      | Killed Blork the orc
  2746 | D:4      | Reached skill level 5 in Shields
  2793 | D:4      | Noticed Menkaure
  2803 | D:4      | Killed Menkaure
  3092 | D:4      | Reached XP level 7. HP: 60/60 MP: 6/6
  3449 | D:4      | Noticed Edmund
  3462 | D:4      | Killed Edmund
  3574 | D:4      | Found a deep blue altar of Sif Muna.
  3577 | D:4      | Found a radiant altar of Vehumet.
  3580 | D:4      | Found a glowing golden altar of the Shining One.
  3755 | D:4      | Found a stormy altar of Qazlal.
  3773 | D:4      | Noticed Sigmund
  3779 | D:4      | Killed Sigmund
  3779 | D:4      | Reached skill level 6 in Shields
  3790 | D:4      | Reached skill level 5 in Fighting
  3796 | D:4      | Reached XP level 8. HP: 67/68 MP: 7/7
  3989 | D:5      | Entered Level 5 of the Dungeon
  4248 | D:5      | Found a shattered altar of Ashenzari.
  4250 | D:5      | Found an iron altar of Okawaru.
  4338 | D:5      | Found a snail-covered altar of Cheibriados.
  4340 | D:5      | Found a burning altar of Makhleb.
  4346 | D:5      | Became a worshipper of Warmaster Okawaru
  4714 | D:5      | Reached skill level 7 in Shields
  4851 | D:6      | Found a staircase to the Ecumenical Temple.
  4867 | D:6      | Noticed Grinder
  4891 | D:6      | Killed Grinder
  4891 | D:6      | Reached * piety under Okawaru
  5201 | D:6      | Reached XP level 9. HP: 73/75 MP: 8/8
  5992 | D:7      | Reached skill level 8 in Shields
  6003 | D:7      | Reached ** piety under Okawaru
  6010 | D:7      | Reached skill level 10 in Long Blades
  6011 | D:7      | Reached skill level 1 in Stealth
  6438 | D:7      | Reached *** piety under Okawaru
  6438 | D:7      | Reached skill level 9 in Shields
  6583 | D:8      | Reached XP level 10. HP: 39/84 MP: 9/9
  6819 | D:8      | Found a hazy altar of Hepliaklqana.
  7180 | D:9      | Found a sacrificial altar of Ru.
  7327 | D:9      | Reached **** piety under Okawaru
  7340 | D:9      | Reached skill level 10 in Shields
  7669 | D:9      | Found a staircase to the Orcish Mines.
  8339 | D:10     | Entered Level 10 of the Dungeon
  8431 | D:10     | Noticed a hill giant
  8439 | D:10     | Killed a hill giant
  8723 | D:10     | Reached ***** piety under Okawaru
  8789 | D:10     | Noticed a gargoyle
  8808 | D:10     | Killed a gargoyle
  9018 | D:10     | Noticed a hill giant
  9026 | D:10     | Killed a hill giant
  9026 | D:10     | Reached XP level 11. HP: 84/94 MP: 10/10
  9165 | D:11     | Reached skill level 10 in Armour
  9467 | D:10     | Reached skill level 11 in Shields
  9747 | D:11     | Noticed harcile's ghost (journeyman HEAE)
  9768 | D:11     | Killed harcile's ghost
  9768 | D:11     | Received a gift from Okawaru
  9821 | D:11     | Found a staircase to the Lair.
 10004 | D:11     | Noticed an eight-headed hydra
 10361 | D:12     | Noticed a red ugly thing
 10376 | D:12     | Killed a red ugly thing
 10542 | D:12     | Noticed a hill giant
 10549 | D:12     | Killed a hill giant
 10587 | D:12     | Got a pair of translucent boots
 10598 | D:12     | Identified the +0 pair of boots of Ofau {rF+ MR+ Str-2 SInv} (You found it on level 12 of the Dungeon)
 10840 | D:12     | Received a gift from Okawaru
 11149 | D:13     | Reached skill level 12 in Shields
 11291 | D:13     | Noticed a tengu warrior
 11307 | D:13     | Reached XP level 12. HP: 104/104 MP: 11/11
 11317 | D:13     | Killed a tengu warrior
 11317 | D:13     | Reached ****** piety under Okawaru
 11642 | D:13     | Received a gift from Okawaru
 11699 | D:13     | Gained mutation: Your mind is acute. (Int +2) [potion of beneficial mutation]
 11891 | D:13     | Reached skill level 10 in Fighting
 12215 | D:13     | Received a gift from Okawaru
 12218 | D:13     | Got an ancient plate armour {god gift}
 12231 | D:13     | Identified the +5 plate armour of Rogeo {MR++ Dex+6} (Okawaru gifted it to you on level 13 of the Dungeon)
 12439 | D:14     | Noticed a centaur warrior
 12445 | D:14     | Noticed teko's ghost (journeyman MiFi)
 12470 | D:14     | Killed teko's ghost
 12470 | D:14     | Reached skill level 1 in Invocations
 12475 | D:14     | Killed a centaur warrior
 12555 | D:14     | Noticed a catoblepas
 12573 | D:14     | Killed a catoblepas
 12573 | D:14     | Reached skill level 13 in Shields
 13116 | D:11     | Killed a nine-headed hydra
 13116 | D:11     | Reached XP level 13. HP: 103/116 MP: 12/12
 13145 | Lair:1   | Entered Level 1 of the Lair of Beasts
 14012 | Lair:2   | Received a gift from Okawaru
 14014 | Lair:2   | Reached skill level 1 in Evocations
 14017 | Lair:2   | Got a heavily runed plate armour {god gift}
 14046 | Lair:2   | Identified the +1 plate armour of the Farrier {*Slow rF+++ Int-5 Slay+4} (Okawaru gifted it to you on level 2 of the Lair of Beasts)
 14427 | Lair:2   | Reached skill level 15 in Long Blades
 14427 | Lair:2   | Reached skill level 14 in Shields
 15335 | Lair:3   | Found a staircase to the Swamp.
 15601 | Lair:4   | Got a pair of warped gloves
 15612 | Lair:4   | Identified the +2 pair of gloves "Jenaqer" {Str-4 Dex+3 Stlth+} (You found it on level 4 of the Lair of Beasts)
 15638 | Lair:4   | Got a polished falchion
 15639 | Lair:4   | Identified the +6 falchion of the Pure Wonders {slice, rF++} (You found it on level 4 of the Lair of Beasts)
 15660 | Lair:4   | Found a hole to the Spider Nest.
 16395 | Lair:5   | Found a runed door.
 16395 | Lair:5   | Found a viscous altar of Jiyva.
 16412 | Lair:5   | Found a staircase to the Slime Pits.
 16667 | Lair:5   | Received a gift from Okawaru
 16670 | Lair:5   | Got a steaming demon blade {god gift}
 16671 | Lair:5   | Identified the +1 demon blade "Tetim" {drain, -Tele rF+ rC+++ Int+3} (Okawaru gifted it to you on level 5 of the Lair of Beasts)
 17460 | Lair:6   | Entered Level 6 of the Lair of Beasts
 17829 | Lair:6   | Reached skill level 15 in Shields
 17829 | Lair:6   | Reached XP level 14. HP: 126/126 MP: 13/13
 17966 | Lair:6   | Found a runed door.
 18066 | Lair:6   | Received a gift from Okawaru
 19235 | Lair:6   | Received a gift from Okawaru
 19438 | Lair:6   | Reached skill level 16 in Shields
 19908 | Lair:6   | Received a gift from Okawaru
 20239 | Lair:1   | Gained mutation: You are robust. (+10% HP) [potion of beneficial mutation]
 20865 | D:14     | You fall through a shaft!
 20865 | D:15     | Entered Level 15 of the Dungeon
 20934 | D:15     | Found a shadowy altar of Dithmenos.
 21142 | D:15     | Reached XP level 15. HP: 100/149 MP: 14/14
 21292 | D:15     | Found a staircase to the Depths.
 22183 | D:15     | Reached skill level 17 in Shields
 22186 | D:15     | Identified Ped Xiu's Incunabulum of Snow and the Rocks
 22416 | D:15     | Reached skill level 5 in Dodging
 22427 | D:15     | Reached skill level 15 in Armour
 22592 | D:14     | Received a gift from Okawaru
 22891 | D:14     | Found a gate to the Vaults.
 23374 | Orc:1    | Entered Level 1 of the Orcish Mines
 23379 | Orc:1    | Noticed Urug
 23389 | Orc:1    | Noticed Maurice
 23499 | D:9      | Killed Maurice
 23838 | Orc:1    | Killed Urug
 24223 | Orc:2    | Entered Level 2 of the Orcish Mines
 24251 | Orc:2    | Found a staircase to the Elven Halls.
 24508 | Orc:2    | Found Nuerusemo's Distillery.
 24632 | Orc:2    | Bought a potion of might for 60 gold pieces
 24632 | Orc:2    | Bought a potion of heal wounds for 75 gold pieces
 24632 | Orc:2    | Bought a potion of resistance for 150 gold pieces
 24645 | Orc:2    | Found an ancient bone altar of Kikubaaqudgha.
 24646 | Orc:2    | Noticed Nergalle
 24659 | Orc:2    | Killed Nergalle
 24798 | Orc:2    | Found a radiant altar of Vehumet.
 24816 | Orc:2    | Received a gift from Okawaru
 24848 | Orc:2    | Found Zaseoqeq's Gadget Shoppe.
 25195 | Orc:2    | Noticed an orc warlord
 25325 | Orc:1    | Reached skill level 18 in Shields
 25445 | Orc:1    | Killed an orc warlord
 25835 | Orc:2    | Found Maasea's Magic Scroll Emporium.
 25857 | Orc:2    | Found a roughly hewn altar of Beogh.
 25869 | Orc:2    | Found Heatui's Antique Weapon Emporium.
 25932 | Orc:2    | Bought 2 scrolls of identify for 56 gold pieces
 25932 | Orc:2    | Bought 3 scrolls of identify for 84 gold pieces
 26315 | Swamp:1  | Entered Level 1 of the Swamp
 26318 | Swamp:1  | Noticed a thorn hunter
 26339 | Swamp:1  | Killed a thorn hunter
 26373 | Swamp:1  | Received a gift from Okawaru
 26382 | Swamp:1  | Got a bone demon blade {god gift}
 26383 | Swamp:1  | Identified the +8 demon blade of Mirerghan {slice, rC+ rN+} (Okawaru gifted it to you on level 1 of the Swamp)
 27062 | Swamp:1  | Reached XP level 16. HP: 145/161 MP: 16/16
 27313 | Swamp:1  | Received a gift from Okawaru
 27782 | Swamp:2  | Noticed Kirke
 28190 | Swamp:2  | Killed Kirke
 28722 | Swamp:2  | Received a gift from Okawaru
 28722 | Swamp:2  | Reached skill level 15 in Fighting
 28737 | Swamp:2  | Got a bloodstained long sword {god gift}
 28738 | Swamp:2  | Identified the +7 long sword of the Inquisitive Songs {drain, Int+4} (Okawaru gifted it to you on level 2 of the Swamp)
 28932 | Swamp:3  | Noticed Aizul
 28948 | Swamp:3  | Killed Aizul
 29772 | Swamp:4  | Entered Level 4 of the Swamp
 29827 | Swamp:4  | Received a gift from Okawaru
 30246 | Swamp:4  | Reached skill level 19 in Shields
 30670 | Swamp:4  | Noticed the 27-headed Lernaean hydra
 30687 | Swamp:4  | Noticed Nikola
 30704 | Swamp:3  | Killed Nikola
 31057 | Swamp:4  | Killed the 22-headed Lernaean hydra
 31429 | Swamp:4  | Received a gift from Okawaru
 31483 | Swamp:4  | Got a decaying rune of Zot
 31548 | Swamp:4  | Reached XP level 17. HP: 120/173 MP: 17/17
 32531 | Spider:1 | Entered Level 1 of the Spider Nest
 32816 | Spider:1 | Noticed Louise
 32839 | Spider:1 | Killed Louise
 33147 | Spider:1 | Noticed Asterion
 33560 | Spider:1 | Gained mutation: You tend to lose your temper in combat. [a cacodemon]
 33564 | Spider:1 | Killed Asterion
 34003 | Spider:1 | Noticed Frances
 34018 | Spider:1 | Killed Frances
 34120 | Spider:1 | Blown up by an orb spider

Skill      XL: |  1  2  3  4  5  6  7  8  9 10 11 12 13 14 15 16 17 |
---------------+----------------------------------------------------+-----
Shields        | 4 5 6 7 9 10 12 13 15 16 18 19 | 19.7
Armour         | 4 5 6 7 8 9 11 13 14 15 16 | 16.3
Long Blades    | 3 4 5 7 9 10 12 13 14 15 16 17 18 | 18.2
Fighting       | 4 5 6 8 9 11 12 13 14 16 | 16.6
Dodging        | 1 2 3 4 5 7 8 |  8.3
Stealth        | 1 2 |  2.6
Invocations    | 1 |  1.1
Evocations     | 1 |  1.7

Action                   |  1- 3 |  4- 6 |  7- 9 | 10-12 | 13-15 | 16-18 || total
-------------------------+-------+-------+-------+-------+-------+-------++-------
Melee: Long sword        |    77 |    32 |       |       |       |       ||   109
       Headbutt          |     9 |    31 |    61 |   238 |   704 |   212 ||  1255
       Falchion          |       |   148 |   245 |   657 |  1398 |       ||  2448
       Scimitar          |       |       |       |   188 |   515 |    46 ||   749
       Punch             |       |       |       |     1 |       |       ||     1
       Demon blade       |       |       |       |       |    31 |   659 ||   690
Invok: Heroism           |       |       |       |     3 |     1 |       ||     4
Evoke: Wand              |       |       |     2 |     4 |    10 |     2 ||    18
  Use: Scroll            |       |     4 |     9 |    13 |    12 |     5 ||    43
       Potion            |       |       |       |     1 |     1 |     7 ||     9
 Stab: Sleeping          |       |       |       |       |       |     1 ||     1
  Eat: Chunk             |       |     7 |     9 |    24 |    42 |    16 ||    98
       Pizza             |       |       |     1 |       |       |     2 ||     3
       Fruit             |       |       |       |       |     3 |     3 ||     6
       Beef jerky        |       |       |       |       |       |     1 ||     1
Armor: Scale mail        |    38 |    13 |       |       |       |       ||    51
       Chain mail        |       |    48 |    87 |    18 |       |       ||   153
       Plate armour      |       |       |       |   387 |   650 |   131 ||  1168
       Swamp dragon scal |       |       |       |       |       |   288 ||   288
Dodge: Dodged            |    21 |    30 |    54 |   222 |   458 |   424 ||  1209
Block: Shield            |    39 |    82 |   112 |   410 |  1088 |       ||  1731
       Buckler           |       |       |       |       |    62 |   381 ||   443
       Rpst.: Long sword |     2 |     2 |       |       |       |       ||     4
       Falchion          |       |     3 |    18 |    40 |    67 |       ||   128
       Scimitar          |       |       |       |    10 |    39 |     3 ||    52
       Demon blade       |       |       |       |       |     4 |    61 ||    65
